 Dungeon Crawl Stone Soup version 0.29-a0-341-g24ffce5b50 (webtiles) character file.

Game seed: 13606078675107807649

30 HendSelp the Insei (level 3, 0/29 HPs)
             Began as a Human Monk on Apr 20, 2022.
             Slain by a gnoll
             ... wielding a +0 club
              (4 damage)
             ... on level 2 of the Dungeon.
             The game lasted 00:01:24 (1790 turns).

HendSelp the Insei (Human Monk)                     Turns: 1790, Time: 00:01:25

Health: 0/29       AC:  2    Str: 13    XL:     3   Next: 37%
Magic:  3/3        EV: 13    Int: 10    God:
Gold:   54         SH:  0    Dex: 15    Spells: 2/2 levels left

rFire   . . .      SeeInvis .     - Unarmed
rCold   . . .      Faith    .   (no shield)
rNeg    . . .      Spirit   .   a - +0 robe
rPois   .          Reflect  .   (no helmet)
rElec   .          Harm     .   (no cloak)
rCorr   .          Rampage  .   (no gloves)
Will    .....                   (no boots)
Stlth   ++........              (no amulet)
HPRegen 0.09/turn               (no ring)
MPRegen 0.08/turn               (no ring)

@: no status effects
A: no striking features
a: no special abilities


You were on level 2 of the Dungeon.
You visited 1 branch of the dungeon, and saw 2 of its levels.

You collected 54 gold pieces.

Inventory:

Armour
 a - a +0 robe (worn)
Scrolls
 c - a scroll of fog
Potions
 b - a potion of ambrosia
 d - a potion of attraction
 e - a potion of degeneration {unknown}
 i - a potion of lignification {unknown}


   Skills:
 * Level 3.3 Fighting
 * Level 0.5 Armour
 * Level 3.3 Dodging
 - Level 2.0 Stealth
 * Level 3.5 Unarmed Combat


You had 2 spell levels left.
You didn't know any spells.
Your spell library contained the following spells:

 Spells                   Type           Power      Damage    Failure   Level
 Magic Dart               Conj           0%         1d3       36%         1
 Call Imp                 Summ           0%         N/A       50%         2
 Mephitic Cloud           Conj/Pois/Air  0%         N/A       75%         3


Dungeon Overview and Level Annotations

Branches:
Dungeon (2/15)

Altars:

Shops:
D:2 (


Message History

You completely miss the gnoll.
The gnoll shouts!
The gnoll hits you with a +0 club.
You hit the gnoll but do no damage. The quokka barely misses you.
The gnoll hits you with a +0 club.
You hit the gnoll.
The gnoll is heavily wounded.
The quokka barely misses you. The gnoll hits you with a +0 club!
You are too injured to fight recklessly!
You are too injured to fight recklessly!
You are too injured to fight recklessly!
You are too injured to fight recklessly!
You are too injured to fight recklessly!
You are too injured to fight recklessly!
You are too injured to fight recklessly!
Unknown command.
The quokka bites you. The gnoll attacks as you move away!
The gnoll hits you with a +0 club.
The kobold throws a stone.
The stone hits you but does no damage. The quokka barely misses you.
The quokka attacks as you move away! The quokka bites you.
* * * LOW HITPOINT WARNING * * *
The frilled lizard hisses angrily.
Throw: 2 javelins (silver)
Press: ? - help, Q - select action Shift-Dir - straight line, f - gnoll
Aim: a gnoll, wielding a +0 club (63% to hit)
You throw a silver javelin.
The silver javelin barely misses the gnoll.
The silver javelin misses the frilled lizard.
The gnoll misses you. The gnoll hits you with a +0 club.
* * * LOW HITPOINT WARNING * * *
Throw: javelin (silver)
Press: ? - help, Q - select action Shift-Dir - straight line, f/p - gnoll
Aim: a gnoll, wielding a +0 club (63% to hit)
You throw a silver javelin.
The silver javelin pierces through the gnoll!
The gnoll is severely wounded.
The silver javelin barely misses the quokka.
The gnoll hits you with a +0 club.
You die...

..##............###.#...#.....
...##....(................<...
.†.##..................>......
##..............###.#.........
##########......gr......##..##
.## ###....K.#..K...#.....
..## ##.....#.####.#........
...# #..#####rg###(..##......
.<.####.## ##l@#............
÷.......# ##.....###....).
..÷.##### #.....# ..... ...##
#.....# ### ..## #.....# ..##
####### ...# ...# ...#


You could see a gnoll, a quokka, a kobold and a frilled lizard.

Vanquished Creatures
  A worm (D:2)
  A dart slug (D:2)
  2 endoplasms (D:1)
  3 hobgoblins
  3 jackals (D:1)
  A ball python (D:2)
  A frilled lizard (D:1)
  4 goblins (D:1)
  6 kobolds (D:1)
  3 rats
25 creatures vanquished.

Notes
Turn   | Place    | Note
-------+----------+-------------------------------------------
     0 | D:1      | HendSelp the Human Monk began the quest for the Orb.
     0 | D:1      | Reached XP level 1. HP: 18/18 MP: 1/1
   484 | D:1      | Reached XP level 2. HP: 24/24 MP: 2/2
   568 | D:1      | Found a faded altar of an unknown god.
  1238 | D:1      | Reached XP level 3. HP: 29/29 MP: 3/3
  1416 | D:2      | Found Sogot's Antique Weapon Shoppe.
  1790 | D:2      | Slain by a gnoll

Illustrated notes

Levels and vault maps discovered:
D:1:      minmay_arrival_jagged, layout_basic,
          hellmonk_ecumenical_altar_arch_garden, dk_noncrumbling_3,
          minmay_hexomino_u4
D:2:      layout_rooms, serial_shops, nicolae_shop_behind_doors, shop

Action                   || total
-------------------------++-------
Melee: Unarmed           ||   118
       Punch             ||     3
Throw: Javelin           ||     2
  Use: Scroll            ||     4
 Stab: Sleeping          ||     3
Armor: Robe              ||    17
Dodge: Dodged            ||    73

Table legend: (Time is in decaauts)
 A = Elapsed time spent in this place.
 B = Non-inter-level travel time spent in this place.
 C = Inter-level travel time spent in this place.
 D = Time resting spent in this place.
 E = Time spent auto-exploring this place.
 F = Levels seen in this place.
 G = Mean time per level.
                   A        B        C        D        E       F      G
               +--------+--------+--------+--------+--------+-----+--------+
         Total |   1783 |   1759 |     24 |      0 |   1528 |   2 |  891.5 |
       Dungeon |   1783 |   1759 |     24 |      0 |   1528 |   2 |  891.5 |
               +--------+--------+--------+--------+--------+-----+--------+

Top non-repeatable levels by time:
     D:1: 1405 daAuts
     D:2: 377 daAuts
